 Dungeon Sprint DCSS version 0.30-a0-439-g9e77e4d916 (webtiles) character file.

Game seed: 3939663048162564233

127 rocky1 the Trooper (level 5, -2/59 HPs)
             Began as an Ogre Warper on Dec 11, 2022.
             Was a Believer of Cheibriados.
             Slain by an adder skeleton (3 damage)
             ... in the Dungeon (Sprint VII: "The Pits").
             The game lasted 00:01:15 (361 turns).

rocky1 the Trooper (Ogre Warper)                     Turns: 361, Time: 00:01:16

Health: -2/59      AC:  3    Str: 21    XL:     5   Next: 11%
Magic:  12/12      EV: 11    Int: 18    God:    Cheibriados [**....]
Gold:   0          SH:  0    Dex: 12    Spells: 13/13 levels left

rFire   . . .      SeeInvis .    n - +2 mace
rCold   . . .      Faith    .    (no shield)
rNeg    . . .      Spirit   .    b - +0 robe
rPois   .          Reflect  .    (helmet restricted)
rElec   .          Harm     .    (no cloak)
rCorr   .          Rampage  .    (gloves unavailable)
Will    .....      NoTele   +    (boots unavailable)
Stlth   +.........               (no amulet)
HPRegen 0.29/turn                (no ring)
MPRegen 0.13/turn                (no ring)

@: very slow
A: large, unfitting armour, tough skin 1
a: Renounce Religion, Bend Time


You were in the Dungeon.
You worshipped Cheibriados.
Cheibriados was pleased with you.
You visited 1 branch

Inventory:

Hand Weapons
 a - a +0 mace
 m - a +2 hand axe
 n - a +2 mace (weapon)
Missiles
 d - 7 boomerangs of dispersal (quivered)
Armour
 b - a +0 robe (worn)
Scrolls
 c - 2 scrolls of blinking
 k - 5 scrolls of amnesia
 l - a scroll of summoning
Potions
 e - a potion of curing
 f - a potion of heal wounds
 g - a potion of haste
 h - 4 potions of magic
 i - 3 potions of berserk rage
 j - 2 potions of invisibility


   Skills:
 + Level 5.7 Fighting
 + Level 0.9(2.8) Axes
 + Level 4.0 Maces & Flails
 - Level 1.0 Throwing
 + Level 4.1 Dodging
 + Level 4.8 Spellcasting
 + Level 4.4 Translocations
 + Level 3.8 Invocations


You had 13 spell levels left.
You didn't know any spells.
Your spell library contained the following spells:

 Spells                   Type           Power      Damage    Failure   Level
 Blink                    Tloc           40%        N/A       3%          2
 Lesser Beckoning         Tloc           40%        N/A       6%          3
 Teleport Other           Tloc           20%        N/A       6%          3
 Vhi's Electric Charge    Tloc/Air       24%        N/A       16%         3
 Manifold Assault         Tloc           20%        N/A       22%         4


Dungeon Overview and Level Annotations

Branches:
Dungeon (1/1)

Altars:
Ashenzari
Cheibriados
Dithmenos
Elyvilon
Fedhas
Gozag
Hepliaklqana
Kikubaaqudgha
Makhleb
Nemelex Xobeh
Okawaru
Qazlal
Ru
Sif Muna
Trog
Uskayaw
Vehumet
Wu Jian
Xom
Yredelemnul
Zin
The Shining One
Jiyva
Lugonu


Innate Abilities, Weirdness & Mutations

You are too large for most types of armour.
You have tough skin. (AC +1)


Message History

The worm is lightly wounded.
The adder skeleton bites you. The worm completely misses you.
You sock the worm!
The worm is heavily wounded.
The adder skeleton bites you but does no damage.
The worm closely misses you.
You sock the worm!
The worm is severely wounded.
The adder skeleton misses you. x2
You hit the worm.
The worm is almost dead.
The worm closely misses you. The adder skeleton bites you.
You completely miss the worm.
The worm is almost dead.
The adder skeleton barely misses you. The worm bites you!
* * * LOW HITPOINT WARNING * * *
You hit the worm but do no damage.
The worm is almost dead.
The adder skeleton bites you.
* * * LOW HITPOINT WARNING * * *
The worm bites you.
* * * LOW HITPOINT WARNING * * *
You thump the worm!
You kill the worm!
The adder skeleton bites you.
* * * LOW HITPOINT WARNING * * *
The adder skeleton barely misses you.
Your Maces & Flails skill increases to level 4!
You barely miss the adder skeleton. The adder skeleton bites you.
* * * LOW HITPOINT WARNING * * *
You sock the adder skeleton!
The adder skeleton is heavily damaged.
The adder skeleton bites you.
* * * LOW HITPOINT WARNING * * *
You hit the adder skeleton.
The adder skeleton is severely damaged.
The adder skeleton bites you.
* * * LOW HITPOINT WARNING * * *
The adder skeleton bites you.
You die...

#.?(.'.))'.##......#..#
##########.##..........
#...........'..........
#+#####†#####......#..#
#.S#...'.##..........
#..#...#.#####'#####+
#..#####.##.......#
#..†...#÷##.......#
#..Z@..'.##.......#
#..########...<...# #..
#.......# #.w #.......#
### #.......# #########


You could see an adder skeleton.

Vanquished Creatures
  A floating eye (D)
  A gnoll (D)
  A river rat (D)
  A worm (D)
  A giant cockroach (D)
  A quokka (D)
  A rat (D)
7 creatures vanquished.

Notes
Turn   | Place    | Note
-------+----------+-------------------------------------------
     0 | D        | rocky1 the Ogre Warper began the quest for the Orb.
     0 | D        | Reached XP level 1. HP: 22/22 MP: 3/3
    16 | D        | Reached skill level 3 in Fighting
    20 | D        | Found a bloodstained altar of Trog.
    20 | D        | Found a shimmering blue altar of Sif Muna.
    20 | D        | Found a viscous altar of Jiyva.
    20 | D        | Found a hazy altar of Hepliaklqana.
    20 | D        | Found an opulent altar of Gozag.
    21 | D        | Found a glowing golden altar of the Shining One.
    21 | D        | Found a glowing silver altar of Zin.
    21 | D        | Found a basalt altar of Yredelemnul.
    21 | D        | Found a shimmering altar of Xom.
    21 | D        | Found an ornate altar of the Wu Jian Council.
    21 | D        | Found a sacrificial altar of Ru.
    21 | D        | Found a stormy altar of Qazlal.
    21 | D        | Found an iron altar of Okawaru.
    21 | D        | Found a sparkling altar of Nemelex Xobeh.
    21 | D        | Found a burning altar of Makhleb.
    21 | D        | Found a blossoming altar of Fedhas.
    21 | D        | Found a white marble altar of Elyvilon.
    21 | D        | Found a shadowy altar of Dithmenos.
    21 | D        | Found a snail-covered altar of Cheibriados.
    24 | D        | Found a corrupted altar of Lugonu.
    24 | D        | Found a radiant altar of Vehumet.
    25 | D        | Found an ancient bone altar of Kikubaaqudgha.
    25 | D        | Found a hide-covered altar of Uskayaw.
    25 | D        | Found a broken altar of Ashenzari.
    32 | D        | Became a worshipper of Cheibriados the Contemplative
    65 | D        | Noticed a floating eye
    71 | D        | Killed a floating eye
    72 | D        | Reached skill level 5 in Fighting
    72 | D        | Reached XP level 2. HP: 33/35 MP: 4/7
    72 | D        | Reached XP level 3. HP: 40/42 MP: 5/9
    72 | D        | Reached XP level 4. HP: 47/50 MP: 5/10
   104 | D        | Reached * piety under Cheibriados
   351 | D        | Reached ** piety under Cheibriados
   352 | D        | Reached XP level 5. HP: 21/59 MP: 12/12
   360 | D        | HP: 2/59 [adder skeleton (1)]
   361 | D        | Slain by an adder skeleton

Illustrated notes

Levels and vault maps discovered:
D:        pitsprint [storerooms_1, entrance_room_1, metal_vault_7, armoury_2,
          mini_pit_1, grid_room_1, main_hall_1, silver_pit, the_coven_1,
          the_vestibule_1, steel_vault_1, golden_pit, hallway_of_sentries,
          crystal_vault_3, iron_vault_2, final_vault]

Skill      XL: |  1  2  3  4  5 |
---------------+----------------+-----
Fighting       | 5 |  5.7
Maces & Flails | 3 4 |  4.0
Dodging        | 3 4 |  4.1
Spellcasting   | 4 |  4.8
Translocations | 4 |  4.4
Invocations    | 3 |  3.8
Axes           | |  0.9
Throwing       | |  1.0

Action                   |  1- 3 |  4- 6 || total
-------------------------+-------+-------++-------
Melee: Mace              |     8 |    27 ||    35
       Punch             |       |     1 ||     1
Armor: Robe              |     2 |     3 ||     5
Dodge: Dodged            |     1 |    21 ||    22

Table legend: (Time is in decaauts)
 A = Elapsed time spent in this place.
 B = Non-inter-level travel time spent in this place.
 C = Inter-level travel time spent in this place.
 D = Time resting spent in this place.
 E = Time spent auto-exploring this place.
 F = Levels seen in this place.
 G = Mean time per level.
                   A        B        C        D        E       F      G
               +--------+--------+--------+--------+--------+-----+--------+
         Total |    385 |    368 |     17 |    229 |      0 |   1 |  385.0 |
       Dungeon |    385 |    368 |     17 |    229 |      0 |   1 |  385.0 |
               +--------+--------+--------+--------+--------+-----+--------+

Top non-repeatable levels by time:
       D: 385 daAuts
